 Dungeon Crawl Stone Soup version 0.28.0 (webtiles) character file.

Game seed: 6418210646091384921

6717 freelancePsychic the Fighter (level 11, -5/54 (66) HPs)
             Began as a Vine Stalker Gladiator on Feb 10, 2022.
             Was a Believer of Lugonu.
             Slain by an orc warrior (9 damage)
             ... led by the fury of Okawaru
             ... in a bailey.
             The game lasted 00:18:49 (7454 turns).

freelancePsychic the Fighter (VSGl)                 Turns: 7454, Time: 00:18:50

HP:   -5/54 (66)    AC: 15    Str: 21 (22) XL:     11   Next: 4%
MP:   0/14          EV: 11    Int:  8      God:    Lugonu [**....]
Gold: 351           SH:  0    Dex: 19      Spells: 10/10 levels left

rFire   . . .      SeeInvis .   a - +0 dagger (distort)
rCold   . . .      Faith    .   (no shield)
rNeg    . . .      Spirit   +   o - +5 scale mail "Weidautz" {Int+2}
rPois   .          Reflect  .   (no helmet)
rElec   .          Harm     .   (no cloak)
rCorr   .          Rampage  .   A - +1 pair of gloves
Will    +....                   (no boots)
Stlth   ..........              (no amulet)
HPRegen 0.98/turn               w - +6 ring of dexterity
MPRegen 0.14/turn               (no ring)

@: heavily drained
A: fangs 3, regeneration 1, magic shield, antimagic bite, no potion heal 2,
iridescent scales 1, clumsy 1, deterioration 1, dopey 1, wild magic 1
a: Renounce Religion, Depart the Abyss, Bend Space


You were in a bailey.
You worshipped Lugonu.
Lugonu was pleased with you.
You visited 2 branches of the dungeon, and saw 10 of its levels.
You visited the Abyss 1 time.
You also visited: Ossuary and Bailey.

You collected 351 gold pieces.

Inventory:

Hand Weapons
 a - a +0 dagger of distortion (weapon)
 b - a +2 short sword of holy wrath
 g - a +0 dagger
 l - a +0 rapier
Missiles
 t - 5 datura-tipped darts
 u - 3 silver boomerangs (quivered)
 y - a throwing net
Armour
 c - a +1 helmet
 o - the +5 scale mail "Weidautz" (worn) {Int+2}
   (You found it on level 4 of the Dungeon)

   Int:       It affects your intelligence (+2).
 A - a +1 pair of gloves (worn)
Jewellery
 v - a +6 ring of intelligence
 w - a +6 ring of dexterity (left hand)
 C - an amulet of regeneration
Wands
 p - a wand of iceblast (2)
Scrolls
 d - a scroll of teleportation {@r4}
 i - 2 scrolls of vulnerability
 m - 3 scrolls of enchant armour
 n - 2 scrolls of fog
 r - a scroll of torment
 x - a scroll of immolation
 B - a scroll of magic mapping {unknown}
Potions
 e - 2 potions of experience {unknown}
 f - 3 potions of might {unknown}
 h - a potion of brilliance
 j - 2 potions of curing {unknown}
 k - 2 potions of berserk rage {unknown}
 q - a potion of flight {unknown}
 s - a potion of mutation
 z - 5 potions of invisibility {unknown}
 D - 3 potions of magic {unknown}
 E - 3 potions of cancellation {unknown}


   Skills:
 + Level 12.1 Fighting
 - Level 8.0 Short Blades
 - Level 4.7 Throwing
 - Level 2.4 Dodging
 - Level 2.9 Invocations


You had 10 spell levels left.
You didn't know any spells.
Your spell library contained the following spells:

 Spells                   Type           Power      Damage    Failure   Level
 Magic Dart               Conj           0%         1d3       83%         1
 Sandblast                Erth           0%         2d4       83%         1
 Call Imp                 Summ           0%         N/A       92%         2
 Passwall                 Tmut/Erth      0%         N/A       92%         2
 Scorch                   Fire           0%         2d5       92%         2
 Mephitic Cloud           Conj/Pois/Air  0%         N/A       99%         3
 Stone Arrow              Conj/Erth      0%         3d7       99%         3
 Flame Wave               Conj/Fire      0%         2d4       100%        4
 Summon Cactus Giant      Summ           0%         N/A       100%        6


Dungeon Overview and Level Annotations

Branches:
Dungeon (9/15)             Temple (1/1) D:4         Ossuary (visited)
 Bailey (1/1)
   Lair: D:8-11         Orc: D:9-12

Altars:
Elyvilon
Okawaru
Uskayaw
The Shining One

Annotations:
D:5 1 runed translucent door, rrix's ghost, novice DrCj


Innate Abilities, Weirdness & Mutations

You have razor-sharp teeth.
Your natural rate of healing is unusually fast.
When hurt, damage is shared between your health and your magic reserves.
Your bite disrupts and absorbs the magic of your enemies.
Potions cannot restore your health.
You are partially covered in iridescent scales. (AC +2)
You are clumsy. (Dex -2)
Your body sometimes deteriorates upon taking damage.
You are dopey. (Int -2)
Your spells are a little harder to cast, but a little more powerful.


Message History

The stone giant is moderately wounded.
You hit the stone giant.
Space warps horribly around the stone giant!
You bite the stone giant. You drain its power.
You feel invigorated.
The stone giant is heavily wounded.
The orc knight barely misses you. The orc hits you but does no damage.
The stone giant hits you!
You hit the stone giant but do no damage.
Space warps around the stone giant.
You bite the stone giant. You drain its power.
You feel invigorated.
The stone giant is heavily wounded.
You hit the stone giant but do no damage.
You bite the stone giant, but do no damage.
The stone giant is heavily wounded.
The orc warrior no longer looks unusually strong.
The orc knight roars a battlecry!
The orcs go into a battle-frenzy!
The orc barely misses you. The stone giant hits you!
* * * LOW HITPOINT WARNING * * *
You hit the stone giant but do no damage.
The stone giant is heavily wounded.
The stone giant blinks!
The stone giant hits you!
* * * LOW HITPOINT WARNING * * *
There is an open door, spattered with blood here.
You hit the stone giant.
Space warps horribly around the stone giant!
The stone giant is heavily wounded.
The stone giant hits you.
* * * LOW HITPOINT WARNING * * *
You hit the stone giant but do no damage.
Space warps around the stone giant.
You bite the stone giant, but do no damage.
The stone giant is severely wounded.
You hit the stone giant but do no damage.
Your bite misses the stone giant.
The stone giant is severely wounded.
The stone giant hits you but does no damage.
The orc warrior hits you with a +0 long sword!
You die...

##'##'##'###'##+##
##.....## ##.....
###.....#####..)..
#.'..⌠..'.#.'..⌠.!
###.....#####...))
##.....## ##))...
##'##+##'###'##'##
#C## ##.#.###)#
#@# ##### ### #o##
###)#)###.#
##o##'##'###'##'##
##o...)## ##.....
#.....### #...).
+..⌠..'.# +..∩..
#.....### #.....
#.....## ##.....
+##'##'###'##'##


You could see a stone giant, an orc knight, an orc warrior (strong) and an orc
(strong).

Vanquished Creatures
  A centaur warrior (D:8)
  A two-headed ogre (D:8)
  2 orc sorcerers (D:8)
  A deep elf pyromancer (D:8)
  A cyclops (D:8)
  Psyche (D:8)
  A troll (D:9)
  A steam dragon (D:8)
  Edmund (Temple)
  A water moccasin (D:9)
  2 orc warriors
  5 sky beasts
  A necrophage (D:6)
  2 ogres
  2 centaurs
  Blork the orc (D:5)
  An elf zombie (Ossuary)
  2 scorpions
  6 wights
  An electric eel (D:7)
  A howler monkey (D:8)
  3 centaur zombies
  A hound (D:5)
  A human zombie (Ossuary)
  A jelly (D:7)
  An iron imp (Abyss:2)
  2 iguanas
  An orc wizard (D:8)
  A scorpion zombie (D:5)
  2 mummies (Ossuary)
  2 howler monkey zombies
  A howler monkey skeleton (D:7)
  19 gnolls
  3 adders
  2 shadow imps
  5 white imps
  An adder skeleton (D:4)
  2 adder zombies (Ossuary)
  4 worms
  3 dart slugs
  23 orcs
  6 ball pythons
  6 endoplasms
  2 giant cockroaches
  5 hobgoblins
  4 jackals (D:4)
  2 quokkas (D:2)
  2 bats
  4 frilled lizards
  7 goblins
  3 goblin zombies (Ossuary)
  8 hobgoblin zombies (Ossuary)
  5 kobolds
  5 kobold zombies (Ossuary)
  12 orc zombies (Ossuary)
  6 rats
  2 rat zombies (Ossuary)
192 creatures vanquished.

Vanquished Creatures (others)
  A bullfrog skeleton (D:7)
  5 plants (D:7)
  2 starspawn tentacles (Abyss:2)
8 creatures vanquished.

Grand Total: 200 creatures vanquished

Notes
Turn   | Place    | Note
-------+----------+-------------------------------------------
     0 | D:1      | freelancePsychic the Vine Stalker Gladiator began the quest
                  | for the Orb.
     0 | D:1      | Reached XP level 1. HP: 11/11 MP: 2/2
    95 | D:1      | Reached skill level 2 in Fighting
    99 | D:1      | Reached XP level 2. HP: 15/15 MP: 3/3
   102 | D:1      | Found a faded altar of an unknown god.
   712 | D:1      | Reached XP level 3. HP: 18/18 MP: 4/4
  1917 | D:2      | Gained mutation: Your natural rate of healing is unusually
                  | fast. [Vine Stalker growth]
  1917 | D:2      | Reached XP level 4. HP: 14/23 MP: 5/5
  2061 | D:2      | Found an iron altar of Okawaru.
  2118 | D:2      | Became a worshipper of Warmaster Okawaru
  2805 | D:3      | Found a hide-covered altar of Uskayaw.
  2819 | D:4      | Identified the +5 scale mail "Weidautz" {Int+2}
  2899 | D:4      | Noticed a scorpion
  2908 | D:4      | Gained mutation: You have hidden genetic defects. [potion
                  | of mutation]
  2908 | D:4      | Gained mutation: You are partially covered in large bone
                  | plates. (SH +4) [potion of mutation]
  2908 | D:4      | Gained mutation: Your flesh is cold resistant. (rC+)
                  | [potion of mutation]
  2908 | D:4      | Gained mutation: You expend magic power (3 MP) to
                  | strengthen your wands. [potion of mutation]
  2916 | D:4      | Found a staircase to the Ecumenical Temple.
  2916 | D:4      | Noticed Edmund
  2927 | Temple   | Entered the Ecumenical Temple
  3200 | Temple   | Killed Edmund
  3201 | Temple   | Reached skill level 3 in Fighting
  3201 | Temple   | Reached skill level 1 in Invocations
  3201 | Temple   | Reached XP level 5. HP: 23/28 MP: 2/7
  3201 | Temple   | Reached XP level 6. HP: 27/32 MP: 2/8
  3202 | Temple   | Gained mutation: Your body sometimes deteriorates upon
                  | taking damage. [hidden defects]
  3274 | D:4      | Noticed a wyvern
  3277 | D:5      | Entered Level 5 of the Dungeon
  3315 | D:5      | Reached skill level 5 in Short Blades
  3342 | D:5      | Found a sand-covered staircase.
  3365 | D:5      | Lost mutation: Your body sometimes deteriorates upon taking
                  | damage. [potion of mutation]
  3365 | D:5      | Lost mutation: You expend magic power (3 MP) to strengthen
                  | your wands. [potion of mutation]
  3365 | D:5      | Gained mutation: You have a pair of small antennae on your
                  | head. [potion of mutation]
  3421 | Ossuary  | Entered an ossuary
  3629 | Ossuary  | Lost mutation: Your flesh is cold resistant. (rC+) [potion
                  | of mutation]
  3629 | Ossuary  | Lost mutation: You have a pair of small antennae on your
                  | head. [potion of mutation]
  3629 | Ossuary  | Gained mutation: You are frail. (-10% HP) [potion of
                  | mutation]
  3629 | Ossuary  | Gained mutation: You sometimes lose the ability to read
                  | scrolls when taking damage. [potion of mutation]
  3630 | Ossuary  | Lost mutation: You are partially covered in large bone
                  | plates. (SH +4) [potion of mutation]
  3630 | Ossuary  | Lost mutation: You sometimes lose the ability to read
                  | scrolls when taking damage. [potion of mutation]
  3630 | Ossuary  | Lost mutation: You have hidden genetic defects. [potion of
                  | mutation]
  3630 | Ossuary  | Gained mutation: Your body sometimes deteriorates upon
                  | taking damage. [potion of mutation]
  3630 | Ossuary  | Gained mutation: You are partially covered in iridescent
                  | scales. (AC +2) [potion of mutation]
  3630 | Ossuary  | Gained mutation: Your body often deteriorates upon taking
                  | damage. [potion of mutation]
  3630 | Ossuary  | Gained mutation: Your mind is acute. (Int +2) [potion of
                  | mutation]
  3653 | Ossuary  | Reached * piety under Okawaru
  3725 | Ossuary  | Reached XP level 7. HP: 32/33 MP: 9/9
  3941 | D:5      | Noticed Blork the orc
  3952 | D:5      | Killed Blork the orc
  3953 | D:5      | Reached skill level 4 in Fighting
  4112 | D:5      | Lost mutation: You are frail. (-10% HP) [potion of
                  | mutation]
  4112 | D:5      | Lost mutation: Your mind is acute. (Int +2) [potion of
                  | mutation]
  4112 | D:5      | Gained mutation: You are dopey. (Int -2) [potion of
                  | mutation]
  4112 | D:5      | Gained mutation: You are clumsy. (Dex -2) [potion of
                  | mutation]
  4112 | D:5      | Gained mutation: Your movements are slightly less
                  | encumbered by armour. (ER -2) [potion of mutation]
  4128 | D:5      | Gained mutation: You have razor-sharp teeth. [Vine Stalker
                  | growth]
  4128 | D:5      | Reached XP level 8. HP: 41/42 MP: 9/11
  4200 | D:5      | Found a runed translucent door.
  4201 | D:5      | Noticed rrix's ghost (novice DrCj)
  4398 | D:6      | Reached ** piety under Okawaru
  4507 | D:6      | Found a white marble altar of Elyvilon.
  5352 | D:7      | Reached skill level 5 in Fighting
  5733 | D:7      | Reached XP level 9. HP: 33/47 MP: 10/12
  6165 | D:8      | Noticed Psyche
  6185 | D:8      | Cast into level 2 of the Abyss (Psyche)
  6290 | Abyss:2  | Noticed an eidolon
  6294 | Abyss:2  | Noticed a tentacled starspawn
  6307 | Abyss:2  | Noticed an ancient zyme
  6311 | Abyss:2  | Noticed a Hell Sentinel
  6323 | Abyss:2  | Found a corrupted altar of Lugonu.
  6326 | Abyss:2  | Fell from the grace of Okawaru
  6326 | Abyss:2  | Became a worshipper of Lugonu the Unformed
  6326 | Abyss:2  | Reached * piety under Lugonu
  6327 | D:8      | Escaped the Abyss
  6340 | D:8      | Killed Psyche
  6409 | D:8      | Reached skill level 6 in Fighting
  6474 | D:8      | Noticed an orc sorcerer
  6484 | D:8      | Noticed an orc sorcerer
  6484 | D:8      | Noticed a deep elf pyromancer
  6486 | D:8      | Killed an orc sorcerer
  6487 | D:8      | Reached skill level 7 in Fighting
  6500 | D:8      | Killed an orc sorcerer
  6501 | D:8      | Reached skill level 8 in Fighting
  6550 | D:8      | Killed a deep elf pyromancer
  6551 | D:8      | Reached XP level 10. HP: 55/57 MP: 11/13
  6626 | D:8      | Reached skill level 9 in Fighting
  6659 | D:8      | Noticed a cyclops
  6668 | D:8      | Killed a cyclops
  6767 | D:8      | Noticed a centaur warrior
  6800 | D:8      | Noticed a two-headed ogre
  6818 | D:8      | Killed a two-headed ogre
  6819 | D:8      | Reached skill level 10 in Fighting
  6827 | D:8      | Killed a centaur warrior
  6828 | D:8      | Reached skill level 11 in Fighting
  6922 | D:8      | Noticed a radroach
  7061 | D:9      | Noticed a two-headed ogre
  7064 | D:9      | Banished a two-headed ogre
  7069 | D:9      | Found a flagged portal.
  7100 | D:9      | Reached skill level 12 in Fighting
  7100 | D:9      | Reached XP level 11. HP: 56/66 MP: 10/14
  7111 | Bailey   | Entered a bailey
  7132 | Bailey   | Lost mutation: Your body often deteriorates upon taking
                  | damage. [potion of mutation]
  7132 | Bailey   | Lost mutation: Your movements are slightly less encumbered
                  | by armour. (ER -2) [potion of mutation]
  7132 | Bailey   | Gained mutation: Your spells are a little harder to cast,
                  | but a little more powerful. [potion of mutation]
  7231 | Bailey   | Reached ** piety under Lugonu
  7233 | Bailey   | Noticed a minotaur
  7233 | Bailey   | Noticed a stone giant
  7233 | Bailey   | Noticed an orc knight
  7454 | Bailey   | Slain by an orc warrior

Illustrated notes

Levels and vault maps discovered:
D:1:      dpeg_arrival_circle_labyrinth_a, layout_loops_ring,
          hellmonk_ecumenical_altar_blasted
D:2:      layout_rooms, basic_altar
D:3:      layout_basic, nicolae_uskayaw_suspiria
D:4:      kennysheep_slugbush, layout_rooms, minmay_temple_entry_glass,
          uniq_edmund
D:5:      layout_cave_pools, gammafunk_ghost_grave,
          nicolae_ossuary_entry_false_entrances, uniq_blork_the_orc
D:6:      layout_gridville, elyvilon_altar_1
D:7:      layout_basic, serial_bayou_pond_b
D:8:      minmay_the_grid_plus [minmay_the_grid_large_cup,
          minmay_the_grid_spikes, minmay_the_grid_tri_star,
          minmay_the_grid_small_cups,
          minmay_the_grid_prize_four_corners_diamond_b], layout_basic,
          minivault_25, uniq_psyche
D:9:      layout_gridville, erik_orc_4, enter_bailey_5
Temple:   dpeg_five_rooms_temple
Bailey:   bailey_polearm_nasty_gnolls, bailey

Skill      XL: |  1  2  3  4  5  6  7  8  9 10 |
---------------+-------------------------------+-----
Fighting       | 2 3 4 5 8 12 | 12.1
Short Blades   | 3 4 5 6 7 8 |  8.0
Invocations    | 1 2 |  2.9
Throwing       | 2 4 |  4.7
Dodging        | |  2.4

Action                   |  1- 3 |  4- 6 |  7- 9 | 10-12 || total
-------------------------+-------+-------+-------+-------++-------
Melee: Rapier            |    26 |       |       |       ||    26
       Bite              |    27 |   163 |   106 |    63 ||   359
       Dagger            |    76 |   436 |   210 |   168 ||   890
       Punch             |     1 |     5 |     6 |     2 ||    14
       Short sword       |       |       |   105 |    14 ||   119
       Unarmed           |       |       |     8 |       ||     8
Throw: Throwing net      |     2 |     4 |       |       ||     6
       Dart              |       |       |     1 |       ||     1
       Boomerang         |       |       |       |     2 ||     2
Invok: Heroism           |       |       |     1 |       ||     1
       Depart the Abyss  |       |       |     1 |       ||     1
Evoke: Wand              |       |       |     3 |       ||     3
  Use: Potion            |       |     7 |     1 |     1 ||     9
       Scroll            |       |     3 |     2 |     5 ||    10
 Stab: Sleeping          |     1 |       |       |       ||     1
       Held in net/web   |     2 |       |       |       ||     2
Armor: Leather armour    |    25 |     6 |       |       ||    31
       Scale mail        |       |    97 |   119 |    78 ||   294
       Ring mail         |       |     7 |       |       ||     7
       Skin              |       |       |     1 |       ||     1
Dodge: Dodged            |    41 |   163 |   123 |    99 ||   426
Block: Other             |       |    25 |       |       ||    25
